 Dungeon Crawl Stone Soup version 0.25-a0-566-g062765be81 (webtiles) character file.

Game seed: 12493048574566700788, levelgen mode: deterministic

187 Flugslaktarn the Shield-Bearer (level 5, -4/49 HPs)
             Began as a Deep Dwarf Fighter on Feb 27, 2020.
             Slain by a gnoll sergeant
             ... wielding a +0 trident
              (7 damage)
             ... on level 4 of the Dungeon.
             The game lasted 00:00:29 (451 turns).

Flugslaktarn the Shield-Bearer (Deep Dwarf Fighter)  Turns: 451, Time: 00:00:30

Health: -4/49      AC:  7    Str: 20    XL:     5   Next: 39%
Magic:  4/4        EV:  7    Int:  9    God:
Gold:   27         SH:  9    Dex: 12    Spells: 4/4 levels left

rFire    . . .     SeeInvis .   a - +0 war axe
rCold    . . .     Gourm    .   c - +0 kite shield
rNeg     . . .     Faith    .   b - +0 scale mail
rPois    .         Spirit   .   (no helmet)
rElec    .         Reflect  .   (no cloak)
rCorr    .         Harm     .   (no gloves)
MR       .....                  (no boots)
Stlth    ..........             (no amulet)
HPRegen  0.00/turn              (no ring)
MPRegen  0.09/turn              (no ring)

@: non-regenerating
A: damage resistance, heal wounds, sense surroundings 1, no regeneration
a: Heal Wounds


You were on level 4 of the Dungeon.
You were not hungry.

You visited 1 branch of the dungeon, and saw 4 of its levels.

You collected 27 gold pieces.

Inventory:

Hand Weapons
 a - a +0 war axe (weapon)
Armour
 b - a +0 scale mail (worn)
 c - a +0 kite shield (worn)
Jewellery
 g - an uncursed ring of resist corrosion {unknown}
   (You found it on level 1 of the Dungeon)
Scrolls
 i - a scroll of noise {unknown}
Potions
 d - a potion of might
 f - a potion of heal wounds {unknown}
Comestibles
 e - 2 rations
 h - 2 chunks of flesh


   Skills:
 + Level 3.4 Fighting
 * Level 4.2 Axes
 + Level 4.1 Armour
 + Level 4.2 Shields


You had 4 spell levels left.
You didn't know any spells.
Your spell library was empty.

Dungeon Overview and Level Annotations

Branches:
Dungeon (4/15)
 Temple: D:4-7

Altars:


Innate Abilities, Weirdness & Mutations

You are resistant to damage.
You can heal yourself by infusing magical energy.
You passively map a small area around you.
You do not regenerate.


Message History

The gnoll barely misses you.
You are too injured to fight recklessly!
You are too injured to fight recklessly!
You are too injured to fight recklessly!
You are too injured to fight recklessly!
You are too injured to fight recklessly!
You are too injured to fight recklessly!
You are too injured to fight recklessly!
You are too injured to fight recklessly!
The jackal closely misses you.
The gnoll sergeant hits you with a +0 trident.
* * * LOW HITPOINT WARNING * * *
The gnoll hits you but does no damage. You block the gnoll's attack.
The jackal bites you but does no damage.
You see here a +0 flail.
You fail to use your ability.
You block the gnoll's attack. The gnoll hits you with a +0 spear.
* * * LOW HITPOINT WARNING * * *
The gnoll sergeant hits you with a +0 trident!
You die...

≈≈. , , , ≈.. *
.###............ , ≈.. *
...#............ ≈..,
................ * 88.
#.###............>.,
...,,#...........%......
... #..................
88. .#.........†g?......
#..............h@g......
.............g.g......
.........††...#...... .
#.........(.........
..## #..............##..
.....##............... .
, ..............##.....#
...........######...## ,
* .......#...# #.##


You could see a gnoll sergeant, 3 gnolls and a jackal.

Vanquished Creatures
  An ogre (D:4)
  An iguana (D:4)
  Terence (D:2)
  A gnoll (D:4)
  2 adders
  An adder skeleton (D:4)
  3 giant cockroaches
  9 jackals (D:4)
  A quokka (D:4)
  2 ball pythons
  A rat (D:2)
23 creatures vanquished.

Notes
Turn   | Place    | Note
-------+----------+-------------------------------------------
     0 | D:1      | Flugslaktarn the Deep Dwarf Fighter began the quest for the
                  | Orb.
     0 | D:1      | Reached XP level 1. HP: 20/20 MP: 1/1
   209 | D:2      | Noticed Terence
   221 | D:2      | Killed Terence
   221 | D:2      | Reached XP level 2. HP: 18/27 MP: 2/2
   290 | D:3      | Reached XP level 3. HP: 23/33 MP: 3/3
   344 | D:4      | Noticed an ogre
   353 | D:4      | Killed an ogre
   353 | D:4      | Reached XP level 4. HP: 38/42 MP: 4/4
   368 | D:4      | Reached XP level 5. HP: 42/49 MP: 5/5
   451 | D:4      | Slain by a gnoll sergeant

Levels and vault maps discovered:
D:1:      zaba_arrival_water, layout_basic, minmay_pentomino_r4
D:2:      layout_basic, first_ration, uniq_terence
D:3:      layout_basic
D:4:      wander_river, layout_cave_pools, minmay_temple_entry_overgrown,
          biasface_ghost_orc_armoury

Skill      XL: |  1  2  3  4 |
---------------+-------------+-----
Axes           | 3 4 |  4.2
Fighting       | 3 |  3.4
Armour         | 4 |  4.1
Shields        | 4 |  4.2

Action                   |  1- 3 |  4- 6 || total
-------------------------+-------+-------++-------
Melee: War axe           |    40 |    33 ||    73
 Abil: Heal Wounds       |     1 |     2 ||     3
Armor: Scale mail        |    16 |    33 ||    49
Dodge: Dodged            |    22 |    30 ||    52
Block: Kite shield       |    31 |    45 ||    76

Table legend:
 A = Non-vault XP
 B = Vault XP
 C = Vault XP percentage of total XP
 D = Non-vault monster count
 E = Vault monster count
 F = Vault count percentage of total count
                 A         B        C        D         E       F
            +---------+---------+-------+---------+---------+-------
      Total |     236 |      32 |  11.9 |      22 |       1 |   4.3
            +---------+---------+-------+---------+---------+-------
        D:1 |       2 |       0 |   0.0 |       1 |       0 |   0.0
        D:2 |       6 |      32 |  84.2 |       4 |       1 |  20.0
        D:3 |      14 |       0 |   0.0 |       2 |       0 |   0.0
        D:4 |     214 |       0 |   0.0 |      15 |       0 |   0.0
            +---------+---------+-------+---------+---------+-------
